 Dungeon Crawl Stone Soup version 0.29.1-1-gd02db6906a (webtiles) character file.

Game seed: 8671333553700219354

399 DemonSlayer the Firebug (level 6, -1/42 HPs)
             Began as a Demonspawn Fire Elementalist on Oct 5, 2022.
             Was an Initiate of Cheibriados.
             Slain by a centaur (6 damage)
             ... on level 5 of the Dungeon.
             The game lasted 00:12:27 (5582 turns).

DemonSlayer the Firebug (DsFE)                      Turns: 5582, Time: 00:12:27

Health: -1/42      AC:  6    Str:  9    XL:     6   Next: 54%
Magic:  5/12       EV: 12    Int: 20    God:    Cheibriados [......]
Gold:   212        SH:  3    Dex: 14    Spells: 3/13 levels left

rFire   . . .      SeeInvis .   h - +0 war axe
rCold   + + .      Faith    .   p - +0 buckler
rNeg    . . .      Spirit   .   a - +0 robe
rPois   +          Reflect  .   j - +0 helmet
rElec   +          Harm     .   (no cloak)
rCorr   +          Rampage  .   e - +0 pair of gloves
Will    .....                   (no boots)
Stlth   ++........              (no amulet)
HPRegen 0.14/turn               n - ring of ice
MPRegen 0.13/turn               (no ring)

@: resistant, attractive, very slow
A: slimy green scales 1, ignite blood 1, demonic touch 1
a: Renounce Religion


You were on level 5 of the Dungeon.
You worshipped Cheibriados.
Cheibriados was noncommittal.
You visited 2 branches of the dungeon, and saw 6 of its levels.

You collected 212 gold pieces.

Inventory:

Hand Weapons
 h - a +0 war axe (weapon)
Armour
 a - a +0 robe (worn)
 e - a +0 pair of gloves (worn)
 j - a +0 helmet (worn)
 p - a +0 buckler (worn)
Jewellery
 n - a ring of ice (left hand)
Wands
 o - a wand of iceblast (7)
 r - a wand of digging (8)
Scrolls
 c - 3 scrolls of amnesia
 g - a scroll of noise {unknown}
 k - a scroll of enchant armour {unknown}
 q - a scroll of enchant weapon {unknown}
Potions
 b - a potion of flight
 d - a potion of degeneration {unknown}
 i - 2 potions of resistance
 l - a potion of lignification


   Skills:
 + Level 0.5 Fighting
 + Level 1.0(1.2) Axes
 + Level 1.0(1.2) Maces & Flails
 + Level 2.5 Dodging
 + Level 2.4 Stealth
 + Level 4.0 Spellcasting
 + Level 2.6 Conjurations
 + Level 4.0 Fire Magic


You had 3 spell levels left.
You knew the following spells:

 Your Spells              Type           Power      Damage    Failure   Level
a - Foxfire               Conj/Fire      68%        2x1d7     4%          1
b - Scorch                Fire           40%        2d7       4%          2
c - Conjure Flame         Conj/Fire      17%        6-21      13%         3
d - Flame Wave            Conj/Fire      17%        2d7       41%         4

Your spell library contained the following spells:

 Spells                   Type           Power      Damage    Failure   Level
 Apportation              Tloc           8%         N/A       17%         1
 Necrotise                Necr           16%        1d4       17%         1
 Summon Small Mammal      Summ           16%        N/A       17%         1
 Inner Flame              Hex/Fire       12%        N/A       22%         3
 Dazzling Flash           Conj/Hex       18%        N/A       30%         3
 Iskenderun's Mystic Bla  Conj/Tloc      9%         2d4       69%         4
 Starburst                Conj/Fire      8%         6d4       100%        6


Dungeon Overview and Level Annotations

Branches:
Dungeon (5/15)             Temple (1/1) D:4

Altars:
Ashenzari
Cheibriados
Dithmenos
Fedhas
Gozag
Hepliaklqana
Kikubaaqudgha
Makhleb
Nemelex Xobeh
Okawaru
Sif Muna
Trog
Uskayaw
Vehumet
Wu Jian
Xom
Yredelemnul


Innate Abilities, Weirdness & Mutations

You are partially covered in slimy green scales. (AC +2)
Your demonic aura sometimes causes spilled blood to erupt in flames.
Your touch may inflict minor irresistible damage on your foes.


Message History

You feel protected.
The centaur shoots an arrow.
The arrow closely misses you.
An ufetubus comes into view.
The centaur shoots an arrow.
The arrow barely misses you.
The centaur shoots an arrow.
The arrow hits you!
* * * LOW HITPOINT WARNING * * *
The centaur shoots an arrow.
The arrow barely misses you.
The centaur unwields a +0 shortbow.
You block the centaur's attack.
The centaur kicks you but does no damage.
The centaur hits you.
* * * LOW HITPOINT WARNING * * *
The centaur kicks you.
* * * LOW HITPOINT WARNING * * *
You hit the centaur but do no damage.
The centaur is severely wounded.
The centaur misses you. The centaur closely misses you.
The centaur completely misses you. The centaur barely misses you.
You hit the centaur.
The centaur is almost dead.
The centaur hits you but does no damage.
The centaur closely misses you. x2; The centaur misses you.
You hit the centaur but do no damage.
The centaur is almost dead.
The centaur barely misses you. The centaur closely misses you.
The centaur hits you but does no damage.
The centaur barely misses you.
The centaur hits you but does no damage.
You block the centaur's attack.
You hit the centaur.
The centaur is almost dead.
The centaur misses you. The centaur kicks you.
* * * LOW HITPOINT WARNING * * *
The centaur barely misses you. The centaur kicks you.
* * * LOW HITPOINT WARNING * * *
Unknown command.
It was a potion of attraction.
You feel attractive to monsters.
The centaur is no longer more vulnerable to fire.
The centaur hits you.
You die...

*,*,,**,,...............# *,,
,,*,,,,,,.##...#.###########***,,
>,,,,**,,,*#.#..............,,,,,
,,,,,**,,,*#,###............,,,,,
,,,,,**,*.*#,* #...#.#......,,,,,
,,,,,**,*..#.**##...........,,,,,
,,,,,,,,*#....**#..#.#......,,,,,
****,,,,***#.5J##...........,,,,,
*,,,,* *,#Sc@...........,,,,,
*,,,,* *,####....†......,,,,,
*,,,,* *,* #...........,,,,,
********* *,* #...........,,,,,
,,* *,* #...........,,,,, ,,* *,*
#...........,,,,, ,,**********,*
#...........,,,,, ,,,,,,,,,,,,,*
#...........,,,,,
*,***************,,,,,,,,,,,,,,,,


You could see a centaur, a jelly, an adder and an ufetubus.

Vanquished Creatures
  An ogre (D:4)
  A necrophage (D:3)
  2 hounds
  Ijyb (D:4)
  A jelly (D:4)
  A gnoll (D:1)
  4 adders (D:4)
  3 dart slugs
  An orc (D:3)
  3 bats
  6 endoplasms
  2 giant cockroaches
  10 goblins
  10 hobgoblins
  14 jackals
  7 kobolds
  9 ball pythons
  A frilled lizard (D:1)
  2 rats (D:1)
79 creatures vanquished.

Vanquished Creatures (others)
  288 foxfires
288 creatures vanquished.

Grand Total: 367 creatures vanquished

Notes
Turn   | Place    | Note
-------+----------+-------------------------------------------
     0 | D:1      | DemonSlayer the Demonspawn Fire Elementalist began the
                  | quest for the Orb.
     0 | D:1      | Reached XP level 1. HP: 13/13 MP: 3/3
    88 | D:1      | Gained mutation: You are partially covered in slimy green
                  | scales. (AC +2) [demonic ancestry]
    88 | D:1      | Reached XP level 2. HP: 19/19 MP: 0/5
  1025 | D:2      | Learned a level 2 spell: Scorch
  1235 | D:2      | Reached XP level 3. HP: 7/24 MP: 2/6
  1635 | D:1      | Found a faded altar of an unknown god.
  2411 | D:1      | Learned a level 3 spell: Conjure Flame
  2646 | D:3      | Gained mutation: Your demonic aura sometimes causes spilled
                  | blood to erupt in flames. [demonic ancestry]
  2646 | D:3      | Reached XP level 4. HP: 30/30 MP: 4/8
  3040 | D:3      | Noticed a necrophage
  3049 | D:3      | Killed a necrophage
  3050 | D:3      | Reached XP level 5. HP: 28/35 MP: 1/9
  3435 | D:3      | Learned a level 4 spell: Flame Wave
  3636 | D:4      | Found a staircase to the Ecumenical Temple.
  3646 | Temple   | Entered the Ecumenical Temple
  4054 | Temple   | Became a worshipper of Cheibriados the Contemplative
  4694 | D:4      | Noticed an ogre
  4701 | D:4      | Killed an ogre
  4702 | D:4      | Reached skill level 1 in Maces & Flails
  4718 | D:4      | Gained mutation: Your touch may inflict minor irresistible
                  | damage on your foes. [demonic ancestry]
  4718 | D:4      | Reached XP level 6. HP: 33/42 MP: 0/11
  5171 | D:4      | Found a blossoming altar of Fedhas.
  5190 | D:4      | Noticed Ijyb
  5197 | D:4      | Killed Ijyb
  5534 | D:5      | Entered Level 5 of the Dungeon
  5571 | D:5      | Reached skill level 1 in Axes
  5582 | D:5      | Slain by a centaur

Illustrated notes

Levels and vault maps discovered:
D:1:      dpeg_arrival_tiny_h, layout_rooms,
          shapermc_ecumenical_altar_notcrosses
D:2:      layout_basic
D:3:      layout_basic, st_stairs_5, chequers_serial_rivers_micro_c,
          dreamdust_mushroom_princess, kennysheep_nondescript
D:4:      layout_loops_ring, mainiacjoe_overflow_paths, temple_green, uniq_ijyb
D:5:      layout_basic, serial_shops, shop, enter_ossuary_3,
          minmay_gold_behind_fungi, glass_columns_a
Temple:   minmay_temple_bridge_d

Skill      XL: |  1  2  3  4  5  6 |
---------------+-------------------+-----
Dodging        | 2 |  2.5
Fire Magic     | 3 4 |  4.0
Stealth        | 2 |  2.4
Spellcasting   | 3 4 |  4.0
Conjurations   | 2 |  2.6
Maces & Flails | 1 |  1.0
Axes           | 1 |  1.0
Fighting       | |  0.5

Action                   |  1- 3 |  4- 6 || total
-------------------------+-------+-------++-------
Melee: Unarmed           |     8 |       ||     8
       Club              |    15 |       ||    15
       Whip              |    15 |    22 ||    37
       War axe           |       |     7 ||     7
 Cast: Foxfire           |   116 |    49 ||   165
       Scorch            |       |    28 ||    28
  Use: Potion            |     2 |     4 ||     6
       Scroll            |     3 |     4 ||     7
Armor: Robe              |    29 |    19 ||    48
Dodge: Dodged            |    56 |    51 ||   107
Block: Buckler           |       |     3 ||     3
